 Dungeon Crawl Stone Soup version 0.29.1-2-gbd0b4ee654 (webtiles) character file.

Game seed: 7026454915484000745

58 Sabo the Chopper (level 3, -1/34 HPs)
             Began as a Minotaur Berserker on Nov 9, 2022.
             Was a Believer of Trog.
             Succumbed to an adder's poison
             ... on level 3 of the Dungeon.
             The game lasted 00:05:54 (1186 turns).

Sabo the Chopper (Minotaur Berserker)               Turns: 1186, Time: 00:05:54

Health: -1/34      AC:  3    Str: 23    XL:     3   Next: 76%
Magic:  2/2        EV: 12    Int:  4    God:    Trog [**....]
Gold:   33         SH:  0    Dex:  9    Spells: 2/2 levels left

rFire   . . .      SeeInvis .   k - +2 short sword (freeze)
rCold   . . .      Faith    .   (no shield)
rNeg    . . .      Spirit   .   d - +0 leather armour
rPois   .          Reflect  .   (helmet restricted)
rElec   .          Harm     .   (no cloak)
rCorr   .          Rampage  .   (no gloves)
Will    .....                   (no boots)
Stlth   +.........              (no amulet)
HPRegen 0.11/turn               (no ring)
MPRegen 0.08/turn               (no ring)

@: lethally poisoned (-1 -> -5), very slow
A: horns 2, retaliatory headbutt
a: Renounce Religion, Berserk, Trog's Hand


You were on level 3 of the Dungeon.
You worshipped Trog.
Trog was pleased with you.
You visited 1 branch of the dungeon, and saw 3 of its levels.

You collected 33 gold pieces.

Inventory:

Hand Weapons
 a - a +0 hand axe
 b - a +0 sling
 f - a +2 whip of venom
 k - a +2 short sword of freezing (weapon)
Missiles
 h - 6 boomerangs of dispersal (quivered)
Armour
 d - a +0 leather armour (worn)
Scrolls
 c - a scroll of teleportation
 g - a scroll of blinking {unknown}
 i - a scroll of poison {unknown}
 j - a scroll of butterflies {unknown}
Potions
 e - 3 potions of resistance {unknown}


   Skills:
 + Level 4.4 Fighting
 + Level 4.5(4.6) Axes
 + Level 1.0(3.0) Maces & Flails
 + Level 2.9 Armour
 + Level 2.4 Dodging


You had 2 spell levels left.
You didn't know any spells.
Your spell library was empty.

Dungeon Overview and Level Annotations

Branches:
Dungeon (3/15)

Altars:

Shops:
D:1 [*


Innate Abilities, Weirdness & Mutations

You have a pair of horns on your head.
You reflexively headbutt those who attack you in melee.


Message History

The adder bites you.
You are poisoned.
The adder poisons you! The adder bites you but does no damage.
An adder comes into view.
The adder hisses angrily.
You hit the adder but do no damage. Your headbutt misses the adder.
You feel sick. The adder bites you but does no damage.
You hit the adder.
The adder seems to slow down.
You freeze the adder. You headbutt the adder.
You kill the adder!
Trog accepts your kill.
You feel sick. The adder closely misses you.
Your base Maces & Flails skill increases to level 1!
Your unstable footing causes you to fumble your attack.
You feel sick. The adder bites you but does no damage.
You miss the adder.
You feel sick. The adder completely misses you. The adder barely misses you.
Your unstable footing causes you to fumble your attack.
You feel sick. The adder completely misses you.
Your unstable footing causes you to fumble your attack.
You feel sick.
You are no longer poisoned.
The adder bites you but does no damage. The adder completely misses you.
You furiously retaliate!
You headbutt the adder.
Your unstable footing causes you to fumble your attack.
The adder misses you.
You barely miss the adder.
The adder is heavily wounded.
The adder bites you.
* * * LOW HITPOINT WARNING * * *
The adder bites you.
* * * LOW HITPOINT WARNING * * *
You closely miss the adder.
The adder is moderately wounded.
The adder bites you.
* * * LOW HITPOINT WARNING * * *
You are lethally poisoned!
The adder poisons you!
Your unstable footing causes you to fumble your attack.
You die...

##.........#..........#
#...######.#.......##.#
#...############.#....#
#.†.#~~~# ~ #.######
#..~#~#~#~# ####.
#..†#~#†#~#~~~~ .#
#.~~~~#~~~~~# .#
#..~#~#~######## .#
#..~~~#~~~~~~@~#
#...#~#######S##
#..~~~# ~~# #...~~#
#### ...#### #####


You could see an adder.

Vanquished Creatures
  An adder (D:3)
  4 worms (D:3)
  4 endoplasms
  2 goblins (D:1)
  4 hobgoblins (D:1)
  4 jackals (D:2)
  A quokka (D:1)
  3 ball pythons (D:1)
  4 frilled lizards (D:1)
  3 kobolds
  8 rats
38 creatures vanquished.

Notes
Turn   | Place    | Note
-------+----------+-------------------------------------------
     0 | D:1      | Sabo the Minotaur Berserker began the quest for the Orb.
     0 | D:1      | Reached XP level 1. HP: 19/19 MP: 0/0
   166 | D:1      | Reached XP level 2. HP: 27/27 MP: 1/1
   314 | D:1      | Found Ejito's Assorted Antiques.
   585 | D:1      | Found Ykedyum's Antique Armour Boutique.
   777 | D:2      | Reached XP level 3. HP: 22/33 MP: 2/2
   912 | D:2      | You fall into a shaft and drop 1 floor!
  1009 | D:3      | Reached ** piety under Trog
  1179 | D:3      | Reached skill level 1 in Maces & Flails
  1185 | D:3      | HP: 1/34 [adder (2)]
  1186 | D:3      | Succumbed to an adder's poison

Illustrated notes

Levels and vault maps discovered:
D:1:      onia_arrival_pyramid, layout_rooms, serial_shops, shop, shop
D:2:      layout_basic, nicolae_ecumenical_snake_handling
D:3:      layout_basic, lightli_sewer_entry_pipes

Skill      XL: |  1  2  3 |
---------------+----------+-----
Axes           | 4 |  4.5
Fighting       | 4 |  4.4
Maces & Flails | 1 |  1.0
Armour         | |  2.9
Dodging        | |  2.4

Action                   || total
-------------------------++-------
Melee: Hand axe          ||    12
       Headbutt          ||    13
       Whip              ||    43
       Short sword       ||    21
Invok: Berserk           ||     1
  Use: Scroll            ||     1
Armor: Leather armour    ||    13
Dodge: Dodged            ||    48
